AoeStats
← Koatlistak

Arena

509005235Analyzed
4v4 RM · 8d ago on Sep 25, 2026· 47m 6s· 8 players
Game mode
Random Map
Map size
Large (8 player)
Population
200
Speed
Normal
Resources
Standard
Victory
Conquest
Starting age
Dark Age
Ending age
Imperial Age
RankedLock teamsTeams togetherTeam positionsShared explorationLock speedFull tech treeHidden civsTurbo modeCheats
Victory
Defeat
🇲🇽 Khmer · Mexico
1338
+14
🇲🇽 Cumans · Mexico
1292
+16
🇺🇸 Teutons · United States
1270
+17
🇵🇾 Burgundians · Paraguay
1209
+19
🇨🇳 Varangians · China
1397
-21
🇺🇸 Bohemians · United States
1269
-16
🇨🇱 Hindustanis · Chile
1257
-15
🇨🇳 Khmer · China
1226
-14
alexisjcw
6:11 Loom
8:32 Feudal Age
10:22 Fletching
24:56 Castle Age
25:12 Gold Mining
25:08 Double-Bit Axe
25:47 Bodkin Arrow
28:07 Bow Saw
28:23 Scale Mail Armor
28:34 Forging
29:03 Wheelbarrow
28:13 Town Watch
31:54 Arson
41:16 Squires
41:02 Gambesons
40:38 Man-at-Arms
41:48 Long Swordsman
45:31 Gold Mining
45:33 Stone Mining
47:25 Stone Shaft Mining
Hombre invisible
10:54 Feudal Age
14:01 Castle Age
11:55 Horse Collar
12:24 Double-Bit Axe
18:46 Fervor
19:18 Heavy Plow
20:24 Wheelbarrow
22:06 Bow Saw
22:42 Hand Cart
26:43 Imperial Age
24:42 Husbandry
24:53 Bloodlines
25:05 Gold Mining
24:56 Light Cavalry
25:27 Loom
26:19 Scale Barding Armor
26:25 Forging
28:14 Gold Shaft Mining
27:29 Stone Mining
28:07 Chain Barding Armor
27:10 Elite Battle Elephant
30:32 Stone Shaft Mining
33:51 Plate Barding Armor
33:52 Iron Casting
38:06 Ballistics
37:22 Heavy Scorpion
38:27 Conscription
38:55 Double Crossbow
43:36 Blast Furnace
43:33 Siege Engineers
43:39 Masonry
43:48 Tusk Swords
44:22 Fletching
45:35 Chemistry
44:44 Hussar
46:27 Coinage
48:10 Banking
Koatlistak
6:15 Loom
8:34 Feudal Age
9:08 Double-Bit Axe
10:58 Horse Collar
15:15 Wheelbarrow
15:43 Town Watch
20:07 Castle Age
18:37 Gold Mining
20:07 Bloodlines
20:03 Scale Barding Armor
20:29 Forging
21:13 Chain Barding Armor
23:13 Bow Saw
23:14 Heavy Plow
25:20 Iron Casting
29:49 Imperial Age
27:54 Hand Cart
29:58 Gold Shaft Mining
29:17 Stone Mining
30:16 Cavalier
31:33 Plate Barding Armor
31:59 Blast Furnace
32:17 Guilds
31:56 Paladin
42:04 Capped Ram
DANICW82
10:14 Feudal Age
14:47 Castle Age
12:33 Horse Collar
12:39 Double-Bit Axe
14:01 Heavy Plow
15:18 Bow Saw
17:29 Loom
20:06 Wheelbarrow
23:37 Gold Mining
23:41 Stone Mining
27:37 Hand Cart
28:20 Gold Shaft Mining
34:35 Imperial Age
32:47 Squires
32:08 Pikeman
32:33 Arson
32:28 Elite Skirmisher
33:45 Scale Mail Armor
34:33 Ballistics
34:07 Fletching
34:19 Padded Archer Armor
34:30 Forging
36:00 Chain Mail Armor
36:00 Leather Archer Armor
36:59 Chemistry
36:55 Halberdier
38:42 Conscription
39:27 Bodkin Arrow
40:01 Burgundian Vineyards
c7
10:15 Feudal Age
14:05 Double-Bit Axe
15:17 Loom
18:01 Castle Age
19:49 Bow Saw
24:14 Horse Collar
24:26 Stone Mining
31:19 Stone Shaft Mining
32:14 Wheelbarrow
34:47 Gold Mining
35:35 Sanctity
39:53 Imperial Age
39:59 Imperial Age
37:14 Town Watch
42:30 Conscription
45:51 Town Patrol
46:02 Onager
Thrillho
11:39 Feudal Age
12:19 Double-Bit Axe
12:17 Horse Collar
15:17 Castle Age
15:41 Wheelbarrow
17:57 Heavy Plow
22:08 Fervor
23:01 Bow Saw
27:03 Imperial Age
24:21 Loom
26:14 Chemistry
25:48 Hand Cart
26:22 Scale Mail Armor
26:33 Forging
26:29 Pikeman
27:10 Squires
26:55 Arson
27:04 Houfnice
28:05 Chain Mail Armor
28:15 Halberdier
29:55 Plate Mail Armor
30:01 Iron Casting
29:47 Fortified Wall
33:18 Blast Furnace
32:43 Conscription
34:45 Siege Engineers
35:50 Two-Man Saw
36:04 Padded Archer Armor
37:37 Leather Archer Armor
37:37 Wagenburg Tactics
赤道大变了
11:55 Feudal Age
13:05 Double-Bit Axe
15:40 Castle Age
13:31 Horse Collar
18:11 Loom
18:20 Fletching
21:28 Wheelbarrow
22:18 Bodkin Arrow
23:07 Gold Mining
23:37 Bow Saw
29:35 Gold Mining
30:46 Heavy Plow
33:38 Imperial Age
31:44 Hand Cart
31:16 Loom
31:54 Ballistics
32:37 Bloodlines
32:27 Husbandry
32:31 Padded Archer Armor
34:17 Leather Archer Armor
34:04 Elite Skirmisher
34:08 Cranequins
35:59 Fortified Wall
37:38 Chemistry
37:32 Bracer
38:20 Heavy Scorpion
39:04 Town Watch
44:54 Two-Man Saw
47:30 Caravan
马虎
10:23 Feudal Age
14:13 Castle Age
12:03 Double-Bit Axe
12:14 Horse Collar
15:08 Scale Barding Armor
19:23 Bow Saw
20:12 Bloodlines
21:10 Wheelbarrow
23:45 Loom
27:36 Chain Barding Armor
28:33 Gold Mining
32:20 Imperial Age
30:56 Gold Shaft Mining
30:35 Forging
31:58 Iron Casting
32:10 Husbandry
32:32 Heavy Plow
34:17 Plate Barding Armor
33:47 Devotion
34:53 Blast Furnace
37:55 Elite Battle Elephant
Connection lost

Rejoining the realm…

Still unreachable

The connection could not be restored.

Session expired

The server has moved on; the page needs a fresh start.